 Dungeon Crawl Stone Soup version 0.22-a0-396-g3f858e3 (webtiles) character file.

13449 Borgoz the Basher (level 12, -1/77 HPs)
             Began as a Gargoyle Gladiator on May 3, 2018.
             Slain by a swamp worm (8 damage)
             ... on level 10 of the Dungeon.
             The game lasted 00:22:27 (9490 turns).

Borgoz the Basher (Gargoyle Gladiator)              Turns: 9490, Time: 00:22:27

Health: -1/77      AC: 22    Str: 24    XL:     12   Next: 6%
Magic:  12/12      EV: 20    Int: 13    God:
Gold:   620        SH:  0    Dex: 19    Spells: 11/11 levels left

rFire    x . .     SeeInvis .   a - +0 flail
rCold    + . .     Gourm    .   (no shield)
rNeg     + + +     Faith    .   N - +1 ring mail of Depression {rCorr Str+2 Dex+4}
rPois    ∞         Spirit   .   r - +0 helmet
rElec    +         Reflect  .   E - +0 cloak "Vown" {rF- rN+ Str+3 Int+4} (curse)
rCorr    +         Harm     .   c - +2 pair of gloves
MR       +++..     Clarity  +   (no boots)
Stlth    +.........             D - amulet of the Four Winds {rN+ MR+++ Clar}
HPRegen  0.22/turn              S - +3 ring of evasion
MPRegen  0.13/turn              s - ring of protection from cold

@: about to teleport, invisible, very slow
A: negative energy resistance 1, electricity resistance, unbreathing,
petrification resistance, rot immunity, AC +8
a: no special abilities


You were on level 10 of the Dungeon.
You were not hungry.

You visited 1 branch of the dungeon, and saw 10 of its levels.

You collected 620 gold pieces.

Inventory:

Hand Weapons
 a - a +0 flail (weapon)
Missiles
 d - 3 throwing nets (quivered)
Armour
 c - a +2 pair of gloves (worn)
 r - a +0 helmet (worn)
 y - a +1 chain mail of cold resistance
 E - the cursed +0 cloak "Vown" (worn) {rF- rN+ Str+3 Int+4}
   (You found it on level 4 of the Dungeon)

   It affects your strength (+3).
   It affects your intelligence (+4).
   It makes you vulnerable to fire.
   It protects you from negative energy.
   It has a curse placed upon it.
 N - the +1 ring mail of Depression (worn) {rCorr Str+2 Dex+4}
   (You found it on level 5 of the Dungeon)

   It affects your strength (+2).
   It affects your dexterity (+4).
   It protects you from acid and corrosion.
Jewellery
 k - an uncursed ring of flight
 p - an uncursed ring of protection from cold
 s - a ring of protection from cold (right hand)
 z - the amulet "Ligiurirgh" {Reflect rPois MR+ Int+2 SH+3}
   (You found it on level 4 of the Dungeon)

   [amulet of reflection]

   It shields you and reflects attacks.
   It affects your intelligence (+2).
   It protects you from poison.
   It affects your resistance to hostile enchantments.
   It affects your SH (+3).
 C - an uncursed amulet of the gourmand
 D - the amulet of the Four Winds (around neck) {rN+ MR+++ Clar}
   (You found it on level 4 of the Dungeon)

   [amulet of nothing]

   It protects you from negative energy.
   It affects your resistance to hostile enchantments.
   It protects you against confusion.
 R - a +4 ring of intelligence
 S - a +3 ring of evasion (left hand)
Wands
 w - a wand of digging (8)
 I - a wand of acid (1)
 T - a wand of flame (44)
Scrolls
 i - 8 scrolls of random uselessness {unknown}
 j - 5 scrolls of remove curse
 l - 2 scrolls of enchant weapon {unknown}
 m - 3 scrolls of immolation {unknown}
 o - 3 scrolls of fear {unknown}
 u - 2 scrolls of noise {unknown}
 x - 3 scrolls of teleportation
 A - 2 scrolls of fog {unknown}
 F - 2 scrolls of amnesia {unknown}
 G - a scroll of magic mapping {unknown}
 J - a scroll of blinking {unknown}
 L - a scroll of silence {unknown}
 O - a scroll of identify
 Q - a scroll of enchant armour {unknown}
Potions
 e - a potion of berserk rage
 h - 2 potions of cancellation
 n - 3 potions of brilliance
 q - a potion of agility
 t - 2 potions of magic
 v - 7 potions of curing
 B - a potion of might
 K - 2 potions of flight {unknown}
 M - 3 potions of lignification
 P - a potion of ambrosia {unknown}
Comestibles
 f - 20 rations


   Skills:
 + Level 9.9 Fighting
 + Level 12.5 Maces & Flails
 - Level 1.7 Throwing
 + Level 8.0 Armour
 + Level 7.2 Dodging
 - Level 1.6 Stealth
 - Level 0.1 Evocations


You had 11 spell levels left.
You didn't know any spells.

Dungeon Overview and Level Annotations

Branches:
Dungeon (10/15)            Temple (0/1) D:4
   Lair: D:8-11         Orc: D:9-12

Altars:
Elyvilon
Gozag
Sif Muna
Zin

Shops:
D:7 :   D:9 (


Innate Abilities, Weirdness & Mutations

You are resistant to torment.
Your stone body is resilient. (AC +8)
You are immune to poison.
You resist negative energy. (rN+)
You are resistant to electric shocks. (rElec)
You can survive without breathing.
You are immune to petrification.
You are immune to rotting.


Message History

The swamp worm completely misses you.
You thump the swamp worm!
You kill the swamp worm!
The swamp worm completely misses you.
The swamp worm bites you but does no damage.
The swamp worm misses you. The swamp worm barely misses you. x2
As you read the scroll of teleportation, it crumbles to dust.
You feel strangely unstable. The swamp worm closely misses you.
The swamp worm bites you!
* * * LOW HITPOINT WARNING * * *
The swamp worm misses you. x2; The swamp worm bites you.
* * * LOW HITPOINT WARNING * * *
You feel much better. The swamp worm closely misses you. x2
The swamp worm completely misses you. The swamp worm barely misses you. x2
The swamp worm completely misses you.
You fade into invisibility!
The swamp worm bites you!
* * * LOW HITPOINT WARNING * * *
The swamp worm bites you!
You die...

########################
........................
≈≈≈≈≈........###########
≈≈≈≈≈......#
#######≈≈≈w....#
#≈≈≈≈≈#Pw@..<..###########
?≈≈≈≈≈≈Pwww...............
≈≈≈≈≈#≈≈≈'#######.....###
#### #≈≈≈...##..#.....#
≈≈≈≈≈≈....##..#.....#
≈≈≈≈#########.#.....###
#### #.#######..
#.......... #..........


You could see 5 swamp worms.

Vanquished Creatures
  2 two-headed ogres
  The ghost of Torious the Destroyer, a novice DECj of Sif Muna (D:10)
  A human (D:8)
  3 yaks (D:9)
  3 hungry ghosts
  Grum (D:10)
  A swamp worm (D:10)
  A water moccasin (D:8)
  2 ice beasts (D:5)
  A phantom (D:6)
  2 sky beasts
  3 orc warriors
  2 black bears
  3 wolves (D:10)
  3 centaurs
  8 ogres
  5 bullfrogs
  A wyvern skeleton (D:7)
  2 scorpions (D:4)
  A water moccasin skeleton (D:5)
  4 wights (D:9)
  6 howler monkeys
  2 crimson imps
  A bullfrog zombie (D:5)
  A centaur zombie (D:8)
  2 hounds
  2 orc priests (D:6)
  9 orc wizards
  Ijyb (D:3)
  3 iguanas
  Natasha (D:2)
  14 worker ants
  A killer bee zombie (D:9)
  11 adders
  2 shadow imps
  3 adder skeletons
  An adder zombie (D:9)
  5 worms
  3 dart slugs
  10 leopard geckos
  39 orcs
  9 bats
  2 giant cockroaches
  8 goblins
  8 hobgoblins
  6 jackals
  3 quokkas
  A ball python (D:1)
  8 frilled lizards
  A jackal skeleton (D:7)
  9 kobolds
  10 rats
232 creatures vanquished.

Vanquished Creatures (others)
  3 plants
3 creatures vanquished.

Grand Total: 235 creatures vanquished

Notes
Turn   | Place    | Note
-------+----------+-------------------------------------------
     0 | D:1      | Borgoz the Gargoyle Gladiator began the quest for the Orb.
     0 | D:1      | Reached XP level 1. HP: 12/12 MP: 1/1
    78 | D:1      | Reached XP level 2. HP: 15/18 MP: 2/2
   574 | D:1      | Reached XP level 3. HP: 22/22 MP: 3/3
   922 | D:2      | Reached skill level 1 in Armour
  1290 | D:2      | Reached XP level 4. HP: 27/27 MP: 4/4
  1372 | D:2      | Noticed Natasha
  1380 | D:2      | Killed Natasha
  1380 | D:2      | Reached skill level 4 in Maces & Flails
  1731 | D:3      | Noticed Ijyb
  1754 | D:3      | Killed Ijyb
  1754 | D:3      | Reached XP level 5. HP: 19/31 MP: 5/5
  2607 | D:4      | Got a smoking diamond amulet
  2663 | D:4      | Found the amulet of the Four Winds {rN+ MR+++ Clar}
  2693 | D:4      | Reached skill level 5 in Maces & Flails
  2701 | D:4      | Identified the amulet "Ligiurirgh" {Reflect rPois MR+ Int+2 SH+3} (You found it on level 4 of the Dungeon)
  2719 | D:4      | Found a staircase to the Ecumenical Temple.
  2736 | D:4      | Got a steaming cloak
  2742 | D:4      | Identified the cursed +0 cloak "Vown" {rF- rN+ Str+3 Int+4} (You found it on level 4 of the Dungeon)
  2761 | D:4      | Reached XP level 6. HP: 24/37 MP: 6/6
  3204 | D:4      | Reached skill level 6 in Maces & Flails
  3204 | D:4      | Reached XP level 7. HP: 41/41 MP: 7/7
  3613 | D:5      | Entered Level 5 of the Dungeon
  3768 | D:5      | Reached skill level 7 in Maces & Flails
  3895 | D:5      | Reached XP level 8. HP: 46/48 MP: 8/8
  4065 | D:5      | Got a transparent ring mail
  4076 | D:5      | Identified the +1 ring mail of Depression {rCorr Str+2 Dex+4} (You found it on level 5 of the Dungeon)
  4355 | D:6      | Reached skill level 8 in Maces & Flails
  5102 | D:6      | Reached skill level 9 in Maces & Flails
  5110 | D:6      | Reached XP level 9. HP: 31/53 MP: 9/9
  5410 | D:6      | Reached skill level 5 in Fighting
  6049 | D:7      | Found Roemoss's Book Shoppe.
  6094 | D:7      | Found a faded altar of an unknown god.
  6094 | D:7      | Found a faded altar of an unknown god.
  6117 | D:7      | Found a white marble altar of Elyvilon.
  6119 | D:7      | Found an opulent altar of Gozag.
  6121 | D:7      | Found a deep blue altar of Sif Muna.
  6447 | D:7      | Reached skill level 5 in Armour
  6918 | D:8      | Reached skill level 1 in Stealth
  6952 | D:8      | Reached skill level 10 in Maces & Flails
  7048 | D:8      | Found a glowing silver altar of Zin.
  7180 | D:8      | Noticed a two-headed ogre
  7186 | D:8      | Killed a two-headed ogre
  7186 | D:8      | Reached skill level 5 in Dodging
  7186 | D:8      | Reached XP level 10. HP: 37/61 MP: 10/10
  7974 | D:9      | Reached skill level 11 in Maces & Flails
  8360 | D:9      | Noticed a two-headed ogre
  8384 | D:9      | Killed a two-headed ogre
  8683 | D:9      | Found Vehepu's Weapon Boutique.
  8695 | D:9      | Reached skill level 12 in Maces & Flails
  8695 | D:9      | Reached XP level 11. HP: 71/71 MP: 11/11
  8775 | D:10     | Entered Level 10 of the Dungeon
  8775 | D:10     | Noticed Torious's ghost (novice DECj)
  8801 | D:10     | Killed Torious's ghost
  9103 | D:10     | Noticed Grum
  9109 | D:10     | Reached XP level 12. HP: 62/77 MP: 12/12
  9131 | D:10     | Killed Grum
  9490 | D:10     | Slain by a swamp worm

Vault maps used:
D:1:      lemuel_arrival_behind_the_door_large
D:2:      corexii_hall_statues_i, minmay_unequal, uniq_natasha
D:3:      first_ration, kennysheep_nondescript, minivault_14, minmay_hedge_maze,
          roderic_roman_lattice, serial_bayou_pond_d, uniq_ijyb
D:4:      minmay_temple_entry_statues_pillars, serial_bayou_crossing
D:6:      kennysheep_flooded_box, minmay_lizard_king
D:7:      chequers_temple_overflow_minitemple, serial_shops, shop
D:8:      nicolae_overflow_crystal_walls, grunt_pizzeria
D:9:      serial_shops, nicolae_shop_temple_entry_statues_fountains
D:10:     worms_lemuel, uniq_grum

Skill      XL: |  1  2  3  4  5  6  7  8  9 10 11 12 |
---------------+-------------------------------------+-----
Armour         | 1 2 3 4 5 7 8 |  8.0
Maces & Flails | 4 5 6 7 9 10 12 | 12.5
Dodging        | 3 4 5 7 |  7.2
Fighting       | 3 4 6 9 |  9.9
Stealth        | 1 |  1.6
Throwing       | |  1.7
Evocations     | |  0.1

Action                   |  1- 3 |  4- 6 |  7- 9 | 10-12 || total
-------------------------+-------+-------+-------+-------++-------
Melee: Flail             |   122 |   228 |   560 |   338 ||  1248
Evoke: Wand              |       |       |     1 |       ||     1
  Use: Scroll            |       |     5 |     6 |     5 ||    16
       Potion            |       |       |     2 |     5 ||     7
 Stab: Sleeping          |       |       |       |     1 ||     1
  Eat: Chunk             |     1 |    12 |    23 |    10 ||    46
       Ration            |       |       |       |     1 ||     1
Armor: Leather armour    |    52 |    62 |       |       ||   114
       Chain mail        |       |    84 |    99 |       ||   183
       Ring mail         |       |       |   198 |    95 ||   293
Dodge: Dodged            |   107 |   165 |   494 |   253 ||  1019

Table legend:
 A = Spawn XP
 B = Non-spawn XP
 C = Spawn XP percentage of total XP
 D = Spawn monster count
 E = Non-spawn monster count
 F = Spawn count percentage of total count
 G = Total turns spent on level
                    A         B        C        D         E        F      G
               +---------+---------+-------+---------+---------+-------+---------
         Total |       0 |   10614 |   0.0 |       0 |     232 |   0.0 |  9490
               +---------+---------+-------+---------+---------+-------+---------
           D:1 |       0 |      35 |   0.0 |       0 |      22 |   0.0 |   699
           D:2 |       0 |      93 |   0.0 |       0 |      24 |   0.0 |   928
           D:3 |       0 |     110 |   0.0 |       0 |      20 |   0.0 |   951
           D:4 |       0 |     516 |   0.0 |       0 |      17 |   0.0 |  1035
           D:5 |       0 |     658 |   0.0 |       0 |      23 |   0.0 |   898
           D:6 |       0 |    1369 |   0.0 |       0 |      37 |   0.0 |  1480
           D:7 |       0 |    1064 |   0.0 |       0 |      26 |   0.0 |   847
           D:8 |       0 |    1900 |   0.0 |       0 |      12 |   0.0 |   844
           D:9 |       0 |    2998 |   0.0 |       0 |      35 |   0.0 |  1093
          D:10 |       0 |    1871 |   0.0 |       0 |      16 |   0.0 |   715
               +---------+---------+-------+---------+---------+-------+---------
